 Dungeon Crawl Stone Soup version 0.31-a0-145-g046c7d2549 (webtiles) character file.

Game seed: 1912696351965249367

159 2FriedEggs the Slasher (level 5, 0/36 HPs)
             Began as an Octopode Monk on June 6, 2023.
             Frozen to death by an endoplasm (2 damage)
             ... on level 4 of the Dungeon.
             The game lasted 00:02:53 (2327 turns).

2FriedEggs the Slasher (Octopode Monk)              Turns: 2327, Time: 00:02:54

Health: 0/36       AC:  1    Str:  8 (10) XL:     5   Next: 40%
Magic:  5/5        EV: 15    Int: 10 (12) God:
Gold:   161        SH:  0    Dex: 16 (17) Spells: 4/4 levels left

rFire   . . .        o - +4 dagger
rCold   . . .        c - orb {light}
rNeg    . . .        (helmet restricted)
rPois   .            (no amulet)
rElec   .            (no ring)
rCorr   .            (no ring)
SInv    .            (no ring)
Will    .....        (no ring)
Stlth   +            (no ring)
HPRegen 0.26/turn    (no ring)
MPRegen 0.09/turn    (no ring)
                     (no ring)

%: no passive effects
@: lethally poisoned (0 -> -2), glowing
A: almost no armour, amphibious, 8 rings, camouflage 1, gelatinous body 1,
(nimble swimmer 1), tentacles
a: no special abilities


You were on level 4 of the Dungeon.
You visited 1 branch of the dungeon, and saw 4 of its levels.

You collected 161 gold pieces.

Inventory:

Hand Weapons
 a - a +0 falchion
 o - a +4 dagger (weapon)
Missiles
 l - a throwing net (quivered)
Armour
 c - an orb of light (worn)
Scrolls
 d - a scroll of poison {unknown}
 f - a scroll of silence {unknown}
 g - a scroll of brand weapon {unknown}
 h - 5 scrolls of teleportation {unknown}
 i - 2 scrolls of identify {unknown}
 j - a scroll of torment {unknown}
 k - a scroll of fog {unknown}
 n - a scroll of fear {unknown}
 q - a scroll of acquirement {unknown}
Potions
 b - a potion of ambrosia
 m - a potion of enlightenment {unknown}
 p - a potion of curing {unknown}
 r - a potion of haste {unknown}


   Skills:
 - Level 3.0 Fighting
 * Level 5.1 Long Blades
 + Level 4.2 Dodging


You had 4 spell levels left.
You didn't know any spells.
Your spell library contained the following spells:

 Spells                   Type           Power      Damage    Failure   Level
 Cigotuvi's Dreadful Rot  Necr/Pois/Air  0%         N/A       50%         2
 Ensorcelled Hibernation  Hex/Ice        0%         N/A       50%         2
 Gell's Gravitas          Tloc           0%         N/A       75%         3
 Ignite Poison            Fire/Tmut/Pois 0%         N/A       75%         3
 Spider Form              Tmut/Pois      0%         N/A       75%         3
 Teleport Other           Tloc           0%         N/A       75%         3
 Anguish                  Hex/Necr       0%         N/A       98%         4
 Freezing Cloud           Conj/Ice/Air   0%         6-21      100%        5
 Dispersal                Tloc           0%         N/A       100%        6


Dungeon Overview and Level Annotations

Branches:
Dungeon (4/15)
 Temple: D:4-7

Altars:


Innate Abilities, Weirdness & Mutations

You cannot wear most types of armour.
You are amphibious.
You can wear up to eight rings at the same time.
Your skin changes colour to match your surroundings (Stealth+).
Your rubbery body absorbs attacks. (AC +1, EV +1)
((You are camouflaged when in or above water. (Stealth+)))
You have tentacles for arms and can constrict up to eight enemies at once.


Message History

The scorpion poisons you! The adder misses you.
You hit the scorpion. You grab the scorpion.
The scorpion is moderately wounded.
You constrict the scorpion, but do no damage.
You feel sick. The scorpion closely misses you. The adder bites you.
You hit the scorpion but do no damage.
The scorpion is moderately wounded.
You constrict the scorpion, but do no damage.
You feel sick. The scorpion barely misses you. The adder closely misses you.
You hit the scorpion but do no damage. You squeeze the scorpion.
The scorpion is moderately wounded.
You constrict the scorpion, but do no damage.
You feel sick.
The scorpion stings you but does no damage.
The adder misses you. The endoplasm freezes you.
You are frozen.
You are too injured to fight recklessly!
You are too injured to fight recklessly!
Unknown command.
You hit the scorpion.
The scorpion is heavily wounded.
You constrict the scorpion.
You feel sick. The scorpion stings you. The adder completely misses you.
The endoplasm barely misses you.
Unknown command.
You hit the scorpion but do no damage. You tentacle-slap the scorpion.
The scorpion is severely wounded.
You constrict the scorpion.
You feel sick. The scorpion stings you.
* * * LOW HITPOINT WARNING * * *
The adder misses you.
Unknown command.
You aren't carrying any items that you can evoke.
It was a potion of degeneration.
There was something very wrong with that liquid.
You feel weakened.
You feel dopey.
You feel clumsy.
You constrict the scorpion.
You feel sick. The scorpion stings you.
* * * LOW HITPOINT WARNING * * *
The endoplasm freezes you.
You are frozen.
You die...

.. .# ...
.##### ....
......
....###+#......
#.............
##..........#
......J.....#
.......@....#
......Ss....+
............#
............#
......#######
.^.... ######


You could see a scorpion, an adder and an endoplasm.

Vanquished Creatures
  An orc priest (D:3)
  4 gnolls (D:3)
  4 adders
  A dart slug (D:3)
  5 orcs (D:3)
  3 bats
  4 endoplasms
  2 giant cockroaches
  5 hobgoblins
  4 jackals (D:2)
  2 quokkas (D:2)
  8 ball pythons
  4 frilled lizards
  4 rats
51 creatures vanquished.

Notes
Turn   | Place    | Note
-------+----------+-------------------------------------------
     0 | D:1      | 2FriedEggs the Octopode Monk began the quest for the Orb.
     0 | D:1      | Reached XP level 1. HP: 16/16 MP: 1/1
   146 | D:1      | You fall into a shaft and drop 1 floor!
   171 | D:2      | Reached XP level 2. HP: 7/21 MP: 2/2
   621 | D:2      | Reached XP level 3. HP: 26/26 MP: 3/3
   637 | D:2      | Reached skill level 4 in Long Blades
  1305 | D:3      | Reached XP level 4. HP: 24/31 MP: 4/4
  1766 | D:3      | Reached XP level 5. HP: 32/36 MP: 5/5
  1773 | D:3      | Reached skill level 5 in Long Blades
  2103 | D:3      | Found a faded altar of an unknown god.
  2327 | D:4      | Frozen to death by an endoplasm

Illustrated notes

Levels and vault maps discovered:
D:1:      erik_arrival_blinker_ship, layout_basic, nicolae_figureground_sparkle
D:2:      layout_basic
D:3:      layout_basic, shapermc_ecumenical_altar_ellora,
          wander_ebering_terrifying_dragon_lair
D:4:      layout_basic, grunt_temple_overflow_lords_of_destruction

Skill      XL: |  1  2  3  4  5 |
---------------+----------------+-----
Long Blades    | 4 5 |  5.1
Dodging        | 4 |  4.2
Fighting       | |  3.0

Action                     |  1- 3 |  4- 6 || total
---------------------------+-------+-------++-------
  Melee: Falchion          |    53 |    38 ||    91
         Constrict         |    16 |    16 ||    32
         Tentacles         |    11 |     8 ||    19
         Dagger            |       |    18 ||    18
         Punch             |       |     2 ||     2
    Use: Potion            |       |     1 ||     1
 Armour: Skin              |     4 |     3 ||     7
  Dodge: Dodged            |    31 |    46 ||    77

Table legend: (Time is in decaauts)
 A = Elapsed time spent in this place.
 B = Non-inter-level travel time spent in this place.
 C = Inter-level travel time spent in this place.
 D = Time resting spent in this place.
 E = Time spent auto-exploring this place.
 F = Levels seen in this place.
 G = Mean time per level.
                   A        B        C        D        E       F      G
               +--------+--------+--------+--------+--------+-----+--------+
         Total |   2332 |   2192 |    140 |    176 |   1670 |   4 |  583.0 |
       Dungeon |   2332 |   2192 |    140 |    176 |   1670 |   4 |  583.0 |
               +--------+--------+--------+--------+--------+-----+--------+

Top non-repeatable levels by time:
     D:3: 975 daAuts
     D:2: 840 daAuts
     D:1: 506 daAuts
     D:4: 9 daAuts
